 Dungeon Crawl Stone Soup version 0.30.0-5-g1a98f26d00 (webtiles) character file.

Game seed: 17014015015476333366

2534 CaptainMV the Carver (level 9, -1/70 (74) HPs)
             Began as a Purple Draconian Reaver on May 11, 2023.
             Slain by a wight
             ... wielding a +1 long sword
              (7 damage)
             ... on level 6 of the Dungeon.
             The game lasted 00:48:49 (3790 turns).

CaptainMV the Carver (Purple Draconian Reaver)      Turns: 3790, Time: 00:48:50

HP:   -1/70 (74)    AC:  9    Str: 13 (16) XL:     9   Next: 30%
MP:   13/15         EV: 12    Int: 15      God:
Gold: 370           SH:  4    Dex: 10 (11) Spells: 10/16 levels left

rFire   . . .        c - +2 long sword (venom)
rCold   . . .        l - +0 buckler
rNeg    . . .        (body armour unavailable)
rPois   .            h - +2 hat
rElec   .            (no cloak)
rCorr   .            (no gloves)
SInv    .            (no boots)
Will    +....        (no amulet)
Stlth   ++           g - ring of wizardry
HPRegen 0.31/turn    p - ring of wizardry
MPRegen 0.14/turn

%: wizardry (x2)
@: about to teleport, short of breath, immotile, drained
A: breathe power, AC +7, unfitting armour, cold-blooded
a: Breathe Dispelling Energy


You were on level 6 of the Dungeon.
You visited 1 branch of the dungeon, and saw 6 of its levels.
You also visited: Sewer.

You collected 370 gold pieces.

Inventory:

Hand Weapons
 a - a +0 falchion
 c - a +2 long sword of venom (weapon)
Missiles
 o - 5 poisoned darts
 v - 2 atropa-tipped darts
Armour
 h - a +2 hat (worn)
 l - a +0 buckler (worn)
Jewellery
 b - an amulet of faith
 g - a ring of wizardry (left hand)
 p - a ring of wizardry (right hand)
 y - a ring of magical power
Scrolls
 e - a scroll of poison
 j - 2 scrolls of vulnerability
 m - a scroll of blinking
 q - a scroll of immolation
Potions
 f - 2 potions of degeneration
 i - a potion of lignification
 n - a potion of resistance
 r - a potion of cancellation {unknown}
 s - 2 potions of haste
 t - a potion of mutation {unknown}
 u - a potion of flight {unknown}
 w - a potion of attraction {unknown}
 x - a potion of might {unknown}


   Skills:
 + Level 5.3 Fighting
 + Level 8.8 Long Blades
 + Level 1.6 Throwing
 + Level 4.2 Dodging
 + Level 2.6 Stealth
 + Level 2.9 Shields
 + Level 4.1 Spellcasting
 + Level 4.3 Conjurations
 + Level 2.0 Translocations
 + Level 1.3 Ice Magic
 + Level 0.7 Evocations


You had 10 spell levels left.
You knew the following spells:

 Your Spells              Type           Power      Damage    Failure   Level
a - Kiss of Death         Conj/Necr      36%        2d8       2%          1
b - Momentum Strike       Conj/Tloc      24%        3d8       2%          2
c - Hailstorm             Conj/Ice       11%        3d5       6%          3

Your spell library contained the following spells:

 Spells                   Type           Power      Damage    Failure   Level
 Foxfire                  Conj/Fire      36%        2x1d5     2%          1
 Apportation              Tloc           18%        N/A       3%          1
 Necrotise                Necr           12%        1d4       7%          1
 Summon Small Mammal      Summ           12%        N/A       7%          1
 Confusing Touch          Hex            3%         N/A       19%         3
 Iskenderun's Battlesphe  Conj           16%        2d7       28%         5
 Dispel Undead            Necr           3%         3d7       50%         4
 Fireball                 Conj/Fire      4%         3d4       54%         5
 Conjure Ball Lightning   Conj/Air       4%         3x3d6     97%         6
 Starburst                Conj/Fire      4%         6d4       97%         6
 Plasma Beam              Fire/Air       1%         2x1d12    100%        6
 Orb of Destruction       Conj           8%         9d6       100%        7


Dungeon Overview and Level Annotations

Branches:
Dungeon (6/15)              Sewer (visited)
 Temple: D:4-7

Altars:
Dithmenos
Kikubaaqudgha
Okawaru
Ru
Wu Jian

Shops:
D:4 *


Innate Abilities, Weirdness & Mutations

You can breathe bolts of dispelling energy.
Your rich purple scales are hard. (AC +7)
You cannot fit into any form of body armour.
You are cold-blooded and may be slowed by cold attacks.


Message History

Confirm with . or Enter, or press ? or * to list all spells.
Casting: Hailstorm (dangerous; 7% risk of failure)
Press: ? - help, Dir - look around, f - activate
Okay, then.
You can't go up here!
Casting: Hailstorm (dangerous; 7% risk of failure)
Confirm with . or Enter, or press ? or * to list all spells.
Aiming: Momentum Strike (safe; 3% risk of failure)
Press: ? - help, Dir - move target, f - Menkaure, p - wight
Aim: Menkaure (fast, inner flame, 85% to hit)
The concentrated momentum hits Menkaure!
Flame seeps out of Menkaure.
Menkaure is heavily damaged.
You are unable to move.
Menkaure is engulfed in blazing flames.
Menkaure explodes!
The fiery explosion engulfs the iguana!!!
The iguana explodes!
The fiery explosion engulfs the iguana!!!
The iguana explodes!
The wight hits you but does no damage. The wight closely misses you.
You feel your intelligence returning.
Unknown command.
You barely miss the adder.
The adder is moderately wounded.
The adder bites you but does no damage.
The wight hits you with a +1 long sword.
* * * LOW HITPOINT WARNING * * *
You feel drained.
* * * LOW HITPOINT WARNING * * *
The wight barely misses you.
Really read the scroll of vulnerability?
Okay, then.
As you read the scroll of teleportation, it crumbles to dust.
You feel strangely unstable. The adder bites you but does no damage.
You block the wight's attack. x2
You closely miss the adder.
The adder is moderately wounded.
The adder misses you. The wight closely misses you.
The wight hits you with a +1 long sword!
You die...

..#.#...............
#.#.......##....#.#.
#.##.#.#.###.#......
#z##.#...# #.##.#.#(
#.##.#.#.# #.##.....
#.##.#.#.###.##.#.#.
###.##................
#...zz...[..#..#..####
.###.#.#@.)....#...<.##
...§.§.S..)...........#
.§§§§#.#...)...#.......#
.M§§.§....................
....§.#.###..###........##
......#......# #..........
.... ######.# #......####
... #.. ..#.#.## ... ###
####.##.###


You could see 2 wights and an adder.

Vanquished Creatures
  Pikel (D:6)
  Grinder (D:6)
  Sigmund (D:5)
  Menkaure (D:6)
  Pargi (Sewer)
  A black bear (D:6)
  An ice beast (D:5)
  An ogre (D:5)
  2 lemures (D:6)
  2 phantoms
  A bullfrog (D:4)
  4 scorpions
  3 wights (D:6)
  2 howler monkeys (D:5)
  A hound (D:5)
  An orc priest (D:4)
  A gnoll bouda (D:5)
  A jelly (D:5)
  Ijyb (D:4)
  3 iguanas
  6 orc wizards
  Robin (D:4)
  5 gnolls (D:5)
  4 adders
  A shadow imp (D:5)
  2 white imps (D:6)
  An ufetubus (D:6)
  A worm (D:5)
  4 dart slugs
  13 orcs
  7 ball pythons
  6 endoplasms
  6 giant cockroaches
  11 goblins
  5 hobgoblins
  4 jackals (D:2)
  8 quokkas
  4 bats
  3 frilled lizards
  10 kobolds
  6 rats
138 creatures vanquished.

Notes
Turn   | Place    | Note
-------+----------+-------------------------------------------
     0 | D:1      | CaptainMV the Draconian Reaver began the quest for the Orb.
     0 | D:1      | Reached XP level 1. HP: 17/17 MP: 3/3
    99 | D:1      | Reached XP level 2. HP: 14/25 MP: 5/5
   702 | D:2      | Reached XP level 3. HP: 24/30 MP: 6/6
  1055 | D:2      | Reached XP level 4. HP: 38/38 MP: 7/7
  1138 | D:2      | Reached skill level 4 in Long Blades
  1186 | D:3      | Found an ancient bone altar of Kikubaaqudgha.
  1677 | D:3      | Identified the +13 plate armour "Haegiec" {rN+}
  1822 | D:3      | Learned a level 2 spell: Momentum Strike
  1926 | D:4      | Found an iron altar of Okawaru.
  1926 | D:4      | Found a sacrificial altar of Ru.
  1968 | D:4      | Noticed Ijyb
  1971 | D:4      | Paralysed by Ijyb for 5 turns
  1977 | D:4      | Killed Ijyb
  1978 | D:4      | Reached XP level 5. HP: 42/45 MP: 5/8
  1987 | D:4      | Found a shadowy altar of Dithmenos.
  1998 | D:4      | Noticed a phantom
  2011 | D:4      | Killed a phantom
  2012 | D:4      | Reached skill level 5 in Long Blades
  2018 | D:4      | Reached skill level 1 in Stealth
  2018 | D:4      | Reached XP level 6. HP: 22/51 MP: 5/9
  2225 | D:4      | Found Zaum's Assorted Antiques.
  2401 | D:4      | Noticed Robin
  2410 | D:4      | Killed Robin
  2523 | D:5      | Entered Level 5 of the Dungeon
  2553 | D:5      | Reached skill level 1 in Shields
  2555 | D:5      | Reached skill level 6 in Long Blades
  2555 | D:5      | Your scales start taking on a rich purple colour.
  2555 | D:5      | Reached XP level 7. HP: 35/58 MP: 8/11
  2623 | D:5      | Identified the +1 leather armour of the Pink Corner {*Slow
                  | rElec Str+7 Slay-5}
  2757 | D:5      | Found an ornate altar of the Wu Jian Council.
  2831 | D:5      | Reached skill level 7 in Long Blades
  3005 | D:5      | Reached XP level 8. HP: 66/66 MP: 7/12
  3175 | D:5      | Learned a level 3 spell: Hailstorm
  3184 | D:5      | Noticed Sigmund
  3201 | D:5      | Killed Sigmund
  3202 | D:5      | Reached skill level 1 in Translocations
  3220 | D:6      | Noticed Pikel
  3236 | D:6      | Killed Pikel
  3237 | D:6      | Reached skill level 8 in Long Blades
  3237 | D:6      | Reached skill level 1 in Throwing
  3319 | D:6      | Noticed Grinder
  3326 | D:6      | Killed Grinder
  3327 | D:6      | Reached skill level 5 in Fighting
  3327 | D:6      | Reached XP level 9. HP: 51/74 MP: 7/14
  3373 | D:6      | Found a glowing drain.
  3377 | Sewer    | Entered a sewer
  3402 | Sewer    | Noticed Pargi
  3413 | Sewer    | Killed Pargi
  3665 | D:6      | Reached skill level 1 in Ice Magic
  3770 | D:6      | Noticed Menkaure
  3787 | D:6      | Killed Menkaure
  3790 | D:6      | Slain by a wight

Illustrated notes

Levels and vault maps discovered:
D:1:      dpeg_arrival_windows_large_door, layout_basic
D:2:      minmay_chambers_of_ones, layout_rooms, minmay_misc_feat_square,
          kennysheep_decorative_pillar, grunt_decor_junction, minmay_tall_x
D:3:      layout_loops_ring, mainiacjoe_overflow_24_doors
D:4:      layout_basic, nicolae_dithmenos_the_darkroom,
          gammafunk_temple_overflow_pools, serial_shops, nicolae_diamond_shop,
          uniq_ijyb, uniq_robin
D:5:      layout_loops_cross, nicolae_wu_jian_wuxing_cycle,
          nicolae_hepliaklqana_monster_ancestors, st_stairs_14, uniq_sigmund,
          uniq_blork_the_orc
D:6:      layout_loops_ring, serial_glass, glass_columns_b, glass_columns_a,
          gup_sewer_entry_bowl, uniq_menkaure, uniq_grinder, uniq_pikel

Skill      XL: |  1  2  3  4  5  6  7  8  9 |
---------------+----------------------------+-----
Dodging        | 2 3 4 |  4.2
Fighting       | 3 4 5 |  5.3
Long Blades    | 4 5 6 7 8 |  8.8
Stealth        | 1 2 |  2.6
Shields        | 1 2 |  2.9
Spellcasting   | 3 4 |  4.1
Translocations | 1 2 |  2.0
Throwing       | 1 |  1.6
Conjurations   | 4 |  4.3
Ice Magic      | 1 |  1.3
Evocations     | |  0.7

Action                     |  1- 3 |  4- 6 |  7- 9 || total
---------------------------+-------+-------+-------++-------
  Melee: Falchion          |    31 |       |     1 ||    32
         Tailslap          |     9 |    10 |    14 ||    33
         Long sword        |    68 |   121 |   141 ||   330
         Punch             |     2 |       |       ||     2
  Throw: Dart              |       |     1 |    10 ||    11
   Cast: Momentum Strike   |       |     7 |    12 ||    19
         Kiss of Death     |       |     1 |       ||     1
         Hailstorm         |       |       |    10 ||    10
Ability: Breathe Dispellin |       |       |     5 ||     5
  Evoke: Wand              |       |       |     2 ||     2
    Use: Scroll            |       |     1 |     7 ||     8
         Potion            |       |       |     2 ||     2
   Stab: Sleeping          |       |     3 |       ||     3
 Armour: Skin              |    44 |    46 |    54 ||   144
  Dodge: Dodged            |    88 |    49 |    88 ||   225
  Block: Buckler           |       |    14 |    32 ||    46
